Unix NetHack Version 3.7.0-51 Work-in-progress - last build Mar 7 2022 13:06:07 (ce1e6a145e5d3e7dd6f4b57ba37794bc207988de,branch:master). Game began 2022-03-08 08:45:09, ended 2022-03-08 18:00:42. spontiff, neutral male gnomish Healer --- *######## *#*## --- ----- ---- ------.--###*# ####0##*## --.-- ---- |.|.---.&| --.......-0#*0* ##..##0##0###-...| |..---- -------- ------- |....|...|----.........##*#*#-#..# ##** #.....| |.....-- |.--...|---.--..----.....---|...........-#*####....# # ###.....| |......| |......--..^.....| |....-- --..........-- **##.#[.| 0######..-- |.|....| --............)."---.[.-- --...........----#-##.##.#--#0##0*##.| --|...-- |.....................| --.............--.-|...##......# #0#|.# --.--------............|......-- |..---....(........|.######....###0##.##* |..| |.....|.....[...-#-.....| ---.............--....##0#....0..-#-#|.#)# --.-- |.----|.........##-.....---...---.......-----.--# ##......[...|#.#** |..| |.| |.....................--- ---...........| #...........|..### |).| |.| ---.^...[..........-------------..-..---------............-.#- --.----|.| ---..................................----..| --..............| |....[|.-- --...........---------------------..........| |...^.........-- ----.....| |..--.--..[.-- --.........| --..)..........-- |.)..-- -------|....-- ---......-- |..)............| ------ |...^(| --...--- |..............-- --.|<-- --.-- --.--.--......%| ----- --- ------------.-- --- Spontiff the Rhizotomist St:12 Dx:6 Co:18 In:11 Wi:15 Ch:16 Neutral S:560 Dlvl:6 $:0 HP:0(39) Pw:14(14) AC:-12 Xp:2/35 T:15713 TermIll Burdened Latest messages: What do you want to use or apply? [acfjkostwxzS or ?*] z In what direction? b You slip the leash around your warhorse. Where do you want to travel to? (For instructions type a '?') The warhorse steps reluctantly over 7 uncursed crossbow bolts. The warhorse steps reluctantly over 7 uncursed crossbow bolts. The warhorse steps reluctantly over a sling. You swap places with your warhorse. You swap places with your warhorse. What do you want to use or apply? [acfjkostwxzS or ?*] f You climb up the stairs. Where do you want to travel to? (For instructions type a '?') Juiblex suddenly appears next to you! Juiblex engulfs you! The leash snaps loose. You feel deathly sick. oh bollocks: unknown extended command. What do you want to use or apply? [acfjkostwxzS or ?*] f You have a little trouble removing W - a cursed horn called tooled. What do you want to use or apply? [acfjkostwxzSW or ?*] W Improvise? [ynq] (q) y You start playing your horn called tooled. You produce a frightful, grave sound. You feel much worse. You hear some noises. Your illness feels worse. What do you want to use or apply? [acfjkostwxzSW or ?*] W Improvise? [ynq] (q) y You start playing your horn called tooled. You produce a frightful, grave sound. Your illness is severe. What do you want to use or apply? [acfjkostwxzSW or ?*] c You feel cured. What a relief! What do you want to use or apply? [acfjkostwxzSW or ?*] f You have a little trouble removing m - 2 uncursed potions of full healing. You have a little trouble removing X - an uncursed wand called steel 150z mi. What do you want to drink? [m or ?*] ? You feel completely healed. What do you want to zap? [SX or ?*] ? In what direction? l The magic missile rips into Juiblex! You feel deathly sick. What do you want to use or apply? [acfjkostwxzSWX or ?*] c You feel cured. What a relief! You feel deathly sick. You die... Do you want your possessions identified? [ynq] (y) y Do you want to see the dungeon overview? [ynq] (y) y Major events: Turn 1: spontiff the neutral male gnomish Healer entered the dungeon 1453: entered the Gnomish Mines 3549: reached Mine Town 13333: killed the Oracle 13585: entered Sokoban 15713: killed by Juiblex Inventory: Amulets A - an uncursed amulet versus poison (being worn) Armor h - an uncursed +2 helmet (being worn) g - an uncursed +1 pair of leather gloves (being worn) v - a blessed +2 pair of low boots (being worn) r - an uncursed +0 small shield (being worn) q - an uncursed +1 dwarvish cloak (being worn) d - an uncursed +0 leather armor (being worn) Comestibles a - an uncursed cream pie (wielded) n - an uncursed food ration p - an uncursed tripe ration Potions m - an uncursed potion of full healing Rings L - an uncursed ring of fire resistance R - an uncursed ring of free action (on right hand) D - an uncursed ring of teleport control (on left hand) Wands X - an uncursed wand of magic missile (0:4) S - an uncursed wand of sleep (0:3) Tools f - an uncursed bag of holding containing 37 items W - a cursed tooled horn z - an uncursed leash w - an uncursed mirror x - an uncursed oil lamp k - an uncursed skeleton key s - an uncursed stethoscope o - an uncursed tin whistle t - an uncursed towel named Po Ty c - an uncursed +0 unicorn horn Gems/Stones E - 2 uncursed opals j - an uncursed touchstone Contents of the bag of holding: 436 gold pieces a cursed amulet versus poison an uncursed +0 long sword 8 uncursed food rations an uncursed tripe ration 2 uncursed scrolls of blank paper a cursed scroll of blank paper an uncursed scroll of charging an uncursed scroll of enchant weapon an uncursed scroll of fire a blessed scroll of genocide 5 uncursed scrolls of identify an uncursed scroll of light 2 uncursed scrolls of remove curse 6 uncursed scrolls of teleportation a cursed scroll of teleportation a blessed spellbook of healing an uncursed spellbook of invisibility an uncursed spellbook of teleport away a cursed potion of full healing an uncursed potion of invisibility an uncursed potion of object detection a cursed diluted potion of see invisible 5 uncursed potions of water an uncursed ring of aggravate monster an uncursed ring of protection from shape changers an uncursed wand of create monster (0:12) an uncursed wand of create monster (0:11) a cursed wand of digging (0:7) an uncursed expensive camera (0:70) an uncursed magic marker (0:51) an uncursed +0 pick-axe an uncursed tinning kit (0:69) an uncursed aquamarine stone 2 uncursed dilithium crystals an uncursed fluorite stone an uncursed jade stone Spontiff the Healer's attributes: Background: You were a Rhizotomist, a level 2 male gnomish Healer. You were neutral, on a mission for Hermes who was opposed by Athena (lawful) and Poseidon (chaotic). You were in the Gnomish Mines, on level 6. You entered the dungeon 15713 turns ago. You had 35 experience points, 5 more were needed to attain level 3. Your score was 560 before end-of-game adjustments. Basics: You had 0 out of 39 hit points. You had all 14 energy points (spell power). Your armor class was -12. Your wallet was empty. Autopickup was on for '$!/="?' plus thrown, with exceptions. Final Characteristics: Your strength was 12 (limit:18/50). Your dexterity was 6 (peak:8, limit:18). Your constitution was 18 (limit:18). Your intelligence was 11 (limit:19). Your wisdom was 15 (limit:18). Your charisma was 16 (limit:18). Final Status: You were terminally sick from illness. You were engulfed by Juiblex. You were not hungry. You were burdened; movement was slightly slowed. You were wielding some food. Final Attributes: You were piously aligned. You were poison resistant. You were telepathic. You had infravision. You had teleport control. You had a moderate defense bonus (+10). You were warded. You had free action. You are dead. Miscellaneous: You encountered 2 bones levels. Total elapsed playing time was 4 hours, 47 minutes and 54 seconds. Vanquished creatures: the Oracle a watch captain 2 ghosts 2 water demons 4 watchmen 18 leprechauns 2 giant spiders a gnome ruler 2 dingoes a dog 2 housecats a jaguar 2 dwarf leaders a gray unicorn an imp a water nymph a mountain nymph 5 Mordor orcs 4 rock piercers 3 rock moles 2 fog clouds a yellow light a shrieker a violet fungus 7 gnome leaders a red naga hatchling 5 gray oozes 4 elf zombies a ghoul 2 straw golems 4 paper golems 3 giant ants 3 little dogs 6 floating eyes 20 dwarves 2 homunculi 4 kobold shamans 5 hill orcs 8 rothes 2 giant bats 3 monkeys 2 orc zombies 5 dwarf zombies a wererat 2 werejackals 10 iguanas 5 acid blobs 10 coyotes 2 gas spores 9 hobbits 4 manes a large kobold 6 hobgoblins 13 giant rats 4 cave spiders a brown mold 5 yellow molds a green mold 2 red molds 26 gnomes 3 garter snakes 2 gnome zombies 13 geckos 23 jackals 3 foxes 4 kobolds 11 goblins 5 sewer rats 16 grid bugs a bat 16 lichens 6 kobold zombies 21 newts 373 creatures vanquished. No species were genocided or became extinct. Voluntary challenges: You never hit with a wielded weapon. You were a pacifist. You read items or engraved 3 times. You engraved Elbereth 1 time. You never genocided any monsters. You never polymorphed an object. You never changed form. You used no wishes. You did not violate any of the special Sokoban rules. Achievements: You entered the Gnomish Mines. You entered Minetown. You entered a shop. You entered a temple. You entered Sokoban. The Dungeons of Doom: levels 1 to 8 Level 1: Level 2: Level 3: Stairs down to The Gnomish Mines. Level 4: "Stashlet" Level 5: A health food store. Level 6: Many fountains. Oracle of Delphi. Final resting place for gax-Bar-Orc-Fem-Cha, killed by a gray unicorn. Level 7: Stairs up to Sokoban, level 6. Level 8: A fountain. The Gnomish Mines: levels 4 to 12 Level 4: Level 5: "magic trap" Level 6: <- You were here. Final resting place for you, killed by Juiblex, gargor-Arc-Gno-Mal-Neu, killed by a little dog. Level 7: Many shops, a temple. Level 8: Level 9: "Polytrap" Level 10: Level 11: Level 12: "Catacombs" Sokoban: Level 6: Unsolved. Game over: ---------- / \ / REST \ / IN \ / PEACE \ / \ | spontiff | | 436 Au | | killed by | | Juiblex | | | | | | 2022 | *| * * * | * _________)/\\_//(\/(/\)/\//\/|_)_______ Goodbye spontiff the Healer... You died in The Gnomish Mines on dungeon level 6 with 560 points, and 436 pieces of gold, after 15713 moves. You were level 2 with a maximum of 39 hit points when you died.